 Dungeon Crawl Stone Soup version 0.22.1-2-g9c5b331 (webtiles) character file.

2595 myga the Magician (level 9, -2/63 HPs)
             Began as a Mummy Enchanter on Nov 26, 2018.
             Slain by a bullfrog (7 damage)
             ... on level 7 of the Dungeon.
             The game lasted 01:35:27 (6622 turns).

myga the Magician (Mummy Enchanter)                 Turns: 6622, Time: 01:35:28

Health: -2/63      AC:  8    Str: 13      XL:     9   Next: 33%
Magic:  0/18       EV: 13    Int: 14      God:    Xom [......]
Gold:   321        SH:  0    Dex: 12 (14) Spells: 5/21 levels left

rFire    x . .     SeeInvis .   e - +2 spear (pierce)
rCold    + . .     Gourm    .   (no shield)
rNeg     + + +     Faith    .   h - +3 leather armour
rPois    ∞         Spirit   .   l - +0 helmet
rElec    .         Reflect  .   (no cloak)
rCorr    +         Harm     .   i - +0 pair of gloves
MR       +....                  (no boots)
Stlth    +++.......             r - amulet of regeneration
HPRegen  0.60/turn              s - ring of stealth
MPRegen  0.16/turn              q - ring of resist corrosion

@: very slightly contaminated
A: no food or potions, fire vulnerability, cold resistance 1, negative energy
resistance 3, torment resistance, unbreathing
a: Renounce Religion


You were on level 7 of the Dungeon.
You worshipped Xom.
You were a very special plaything of Xom.
You were not hungry.

You visited 2 branches of the dungeon, and saw 8 of its levels.

You collected 321 gold pieces.

Inventory:

Hand Weapons
 e - a +2 spear of piercing (weapon)
 u - a +2 trident of freezing
Missiles
 c - 137 stones
 m - 107 arrows
 o - 7 javelins
 z - a tomahawk (quivered)
Armour
 a - a +0 pair of gloves
 h - a +3 leather armour (worn)
 i - a +0 pair of gloves (worn)
 l - a +0 helmet (worn)
Jewellery
 n - an uncursed ring of protection from fire
 q - a ring of resist corrosion (right hand)
 r - an amulet of regeneration (around neck)
 s - a ring of stealth (left hand)
Wands
 t - a wand of clouds (7)
 v - a wand of digging (7)
 w - a wand of enslavement (9)
 y - a wand of flame (13)
 B - a wand of iceblast (6)
Scrolls
 b - 3 scrolls of fog
 d - 2 scrolls of immolation
 f - a scroll of amnesia
 g - a scroll of noise
 j - 2 scrolls of remove curse
 k - a scroll of teleportation
 p - 3 scrolls of identify


   Skills:
 + Level 3.1 Fighting
   Level 0.7 Short Blades
 + Level 5.1 Polearms
 + Level 2.4 Throwing
 + Level 3.2 Armour
 + Level 3.3 Dodging
 + Level 4.0 Stealth
 + Level 6.5 Spellcasting
 + Level 1.2 Conjurations
 + Level 4.6 Hexes
 + Level 1.0 Ice Magic
 + Level 1.0 Air Magic
 + Level 1.0 Evocations


You had 5 spell levels left.
You knew the following spells:

 Your Spells              Type           Power        Failure   Level  Hunger
a - Corona                Hex            ###....      2%          1    N/A
b - Ensorcelled Hibernat  Hex/Ice        ##....       9%          2    N/A
c - Tukima's Dance        Hex            ###.....     9%          3    N/A
d - Confuse               Hex            ###.....     9%          3    N/A
e - Dazzling Spray        Conj/Hex       ##....       17%         3    N/A
f - Shock                 Conj/Air       #...         12%         1    N/A
g - Mephitic Cloud        Conj/Pois/Air  #.......     38%         3    N/A

Your spell library contained the following spells:

 Spells                   Type           Power        Failure   Level  Hunger
 Metabolic Englaciation   Hex/Ice        ##........   86%         5    N/A
 Simulacrum               Ice/Necr       #.........   100%        6    N/A

Dungeon Overview and Level Annotations

Branches:
Dungeon (7/15)             Temple (1/1) D:6

Altars:
Ashenzari
Cheibriados
Dithmenos
Elyvilon
Gozag
Hepliaklqana
Kikubaaqudgha
Makhleb
Nemelex Xobeh
Okawaru
Qazlal
Ru
Trog
Uskayaw
Vehumet
Wu Jian
Xom
Yredelemnul
Zin
The Shining One

Shops:
D:6 !


Innate Abilities, Weirdness & Mutations

You do not eat or drink.
Your flesh is vulnerable to fire.
You are immune to poison.
Your flesh is cold resistant. (rC+)
You are immune to negative energy. (rN+++)
You are immune to unholy pain and torment.
You can survive without breathing.


Message History

Press: ? - help, v - describe, . - travel
Here: a bullfrog (almost dead)
The floor.
Unknown command.
Casting: Shock (safe; 12% risk of failure)
Confirm with . or Enter, or press ? or * to list all spells.
Okay, then.
Unknown command.
Press: ? - help, v - describe, . - travel
Here: a bullfrog (almost dead)
The floor.
Casting: Shock (safe; 12% risk of failure)
Confirm with . or Enter, or press ? or * to list all spells.
Aiming: Ensorcelled Hibernation (safe; 9% risk of failure)
Press: ? - help, Shift-Dir - straight line, f/p - bullfrog
Aim: a bullfrog (almost dead, chance to defeat MR: 43%)
The bullfrog resists with some effort.
The bullfrog hits you but does no damage.
The bullfrog hits you!
You die...

#.#># #..............(#.#
#.#.##.###....#####..##.#
#$....# ##.............#
####...# #..######...###
#..../.#. ##..............
#.###..##.###.#.....##...###
#.# #..# #...##.....##.### #.#
#§§#####...........#
######.###§§§§.F@..†.....####
......)...§#########.....#####
######.##### #..........
####...#### ###.######
##....#....... #.#
#.......#####.# #.#
.........##.#.# #.# .....#.#.#
#..# #.# .....#.#..# #.## #.#


You could see a bullfrog.

Vanquished Creatures
  Menkaure (D:6)
  An orc warrior (D:6)
  4 slaves
  2 ogres
  A sky beast (D:5)
  A phantom (D:6)
  Blork the orc (D:6)
  A scorpion (D:5)
  6 wights
  3 howler monkeys
  A bullfrog zombie (D:5)
  A centaur zombie (D:6)
  2 quasits (D:6)
  2 crimson imps
  A jelly (D:6)
  4 hounds
  An iron imp (D:6)
  3 orc priests
  A bullfrog skeleton (D:5)
  Ijyb (D:5)
  3 worker ants
  A worker ant zombie (D:6)
  A gnoll (D:5)
  3 adders
  3 oozes
  An adder skeleton (D:6)
  6 worms
  A dart slug (D:2)
  7 leopard geckos
  12 orcs
  6 bats
  3 giant cockroaches
  12 goblins
  5 hobgoblins
  9 jackals
  7 kobolds
  4 quokkas
  A ball python (D:4)
  5 frilled lizards
  A leopard gecko zombie (D:5)
  A quokka skeleton (D:4)
  12 rats
142 creatures vanquished.

Vanquished Creatures (collateral kills)
  Pikel (D:6)
  The ghost of Bodigarde the Vexing, a novice KoEn of Uskayaw (D:6)
  Eustachio (D:4)
  A bullfrog (D:6)
  A wight (D:6)
5 creatures vanquished.

Vanquished Creatures (others)
  A dancing weapon (D:2)
  An orc wizard (D:6)
2 creatures vanquished.

Grand Total: 149 creatures vanquished

Notes
Turn   | Place    | Note
-------+----------+-------------------------------------------
     0 | D:1      | myga the Mummy Enchanter began the quest for the Orb.
     0 | D:1      | Reached XP level 1. HP: 13/13 MP: 4/4
   260 | D:1      | Reached XP level 2. HP: 19/19 MP: 5/5
   568 | D:1      | Reached XP level 3. HP: 24/24 MP: 7/7
   704 | D:1      | Learned a level 2 spell: Ensorcelled Hibernation
   708 | D:1      | Learned a level 3 spell: Tukima's Dance
   771 | D:2      | Found a shimmering altar of Xom.
   774 | D:2      | Found a radiant altar of Vehumet.
   858 | D:2      | Became a worshipper of Xom of Chaos
   981 | D:2      | XOM: butterfly on damage
  1188 | D:2      | Reached skill level 1 in Throwing
  1268 | D:2      | Found a shimmering altar of Xom.
  1301 | D:2      | Found a shimmering altar of Xom.
  1301 | D:2      | Found a shimmering altar of Xom.
  1529 | D:3      | Reached skill level 1 in Armour
  1529 | D:3      | Reached XP level 4. HP: 18/30 MP: 8/8
  1531 | D:3      | Reached skill level 3 in Spellcasting
  1568 | D:3      | XOM: divination: detect creatures
  1775 | D:3      | Found an opulent altar of Gozag.
  1930 | D:3      | Learned a level 3 spell: Confuse
  1931 | D:3      | XOM: noise
  1957 | D:3      | Reached skill level 1 in Polearms
  1957 | D:3      | Reached XP level 5. HP: 22/35 MP: 5/10
  1969 | D:3      | XOM: silly message
  2062 | D:3      | XOM: noise
  2157 | D:3      | Found a white marble altar of Elyvilon.
  2157 | D:3      | Found a hazy altar of Hepliaklqana.
  2431 | D:4      | Noticed Eustachio
  2470 | D:4      | XOM: smoke on damage
  2752 | D:4      | XOM: repel stairs
  2856 | D:4      | XOM is BORED!
  2856 | D:4      | XOM: mild Pois miscast
  2880 | D:4      | Found a sparkling altar of Nemelex Xobeh.
  2926 | D:4      | Reached XP level 6. HP: 31/41 MP: 11/11
  3016 | D:4      | XOM: scenery: create altars
  3031 | D:4      | XOM: enchant monster (good)
  3128 | D:4      | Killed Eustachio
  3666 | D:4      | Learned a level 3 spell: Dazzling Spray
  3741 | D:5      | XOM: stealth player
  3741 | D:5      | Entered Level 5 of the Dungeon
  3766 | D:5      | XOM: 3-stop teleportation journey
  3817 | D:5      | Noticed Ijyb
  4021 | D:6      | Reached skill level 1 in Fighting
  4021 | D:6      | Reached XP level 7. HP: 48/48 MP: 6/12
  4025 | D:6      | Noticed Pikel
  4025 | D:6      | Noticed Blork the orc
  4041 | D:6      | XOM: summons friendly shadow imp
  4100 | D:6      | Noticed Bodigarde's ghost (novice KoEn)
  4101 | D:6      | Found a runed gate.
  4101 | D:6      | Found a runed gate.
  4101 | D:6      | Found a runed gate.
  4191 | D:5      | Got a fine ring mail
  4266 | D:5      | Reached skill level 4 in Spellcasting
  4382 | D:5      | XOM: noise
  4396 | D:5      | XOM: divination: detect creatures
  4451 | D:5      | XOM: harmless Pois miscast
  4620 | D:5      | Reached XP level 8. HP: 44/56 MP: 14/14
  4638 | D:5      | XOM: harmless Tloc miscast
  4747 | D:5      | XOM: medium Pois miscast
  4752 | D:5      | Killed Ijyb
  4789 | D:5      | XOM: god gift: 59 gold pieces
  4989 | D:6      | XOM: summons 5 friendly demons
  5016 | D:6      | XOM: confuse monster(s)
  5027 | D:6      | Found Niaj's Distillery.
  5048 | D:5      | Identified Cuical's Incunabulum of Glacial Lightness (Xom
                  | gifted it to you on level 5 of the Dungeon)
  5048 | D:5      | XOM: god gift: Cuical's Incunabulum of Glacial Lightness
  5057 | D:5      | Learned a level 1 spell: Shock
  5123 | D:6      | Killed Blork the orc
  5169 | D:6      | XOM: summons friendly quasit
  5244 | D:6      | Found a staircase to the Ecumenical Temple.
  5244 | D:6      | XOM: 3-stop teleportation journey
  5313 | D:6      | XOM: polymorph crimson imp -> iron imp
  5314 | D:6      | Reached skill level 1 in Ice Magic
  5323 | D:6      | Noticed Menkaure
  5332 | D:6      | XOM: severe Tmut miscast
  5332 | D:6      | XOM: smoke on damage
  5333 | D:6      | XOM: enchant monster (bad)
  5345 | D:6      | Killed Menkaure
  5402 | D:6      | XOM: chaos cloud
  5545 | D:6      | XOM: fog
  5556 | D:6      | Reached skill level 5 in Spellcasting
  5574 | D:6      | XOM: god gift: shiny chain mail {god gift}
  5632 | D:6      | XOM: summons 6 friendly demons
  5633 | D:6      | Killed Pikel
  5633 | D:6      | Reached skill level 1 in Conjurations
  5846 | D:6      | XOM: potion effect (haste)
  5862 | D:6      | Reached skill level 6 in Spellcasting
  5862 | D:6      | Reached XP level 9. HP: 37/62 MP: 15/18
  5873 | D:6      | Learned a level 3 spell: Mephitic Cloud
  5923 | D:6      | XOM: potion effect (invisibility)
  5933 | D:6      | XOM: summons 2 friendly demons
  5958 | D:6      | Killed Bodigarde's ghost
  5958 | D:6      | Reached skill level 1 in Air Magic
  5983 | D:6      | XOM: harmless Ice miscast
  6112 | D:6      | Reached skill level 5 in Polearms
  6155 | Temple   | Entered the Ecumenical Temple
  6558 | D:7      | XOM: swap monsters
  6606 | D:7      | XOM: smoke on damage
  6614 | D:7      | XOM: blink monster(s)
  6617 | D:7      | Reached skill level 1 in Evocations
  6622 | D:7      | Slain by a bullfrog

Skill      XL: |  1  2  3  4  5  6  7  8  9 |
---------------+----------------------------+-----
Hexes          | 3 4 |  4.6
Throwing       | 1 2 |  2.4
Armour         | 1 2 3 |  3.2
Dodging        | 2 3 |  3.3
Spellcasting   | 3 4 6 |  6.5
Polearms       | 1 2 3 4 5 |  5.1
Stealth        | 3 4 |  4.0
Fighting       | 1 2 3 |  3.1
Ice Magic      | 1 |  1.0
Conjurations   | 1 |  1.2
Air Magic      | 1 |  1.0
Evocations     | 1 |  1.0
Short Blades   | |  0.7

Action                   |  1- 3 |  4- 6 |  7- 9 || total
-------------------------+-------+-------+-------++-------
Melee: Spear             |   105 |   247 |   347 ||   699
       Dagger            |     5 |       |       ||     5
Throw: Stone             |    44 |    69 |    49 ||   162
       Tomahawk          |       |    43 |    14 ||    57
 Cast: Corona            |     4 |     3 |     1 ||     8
       Ensorcelled Hiber |     1 |     1 |     2 ||     4
       Tukima's Dance    |     1 |     2 |     1 ||     4
       Confuse           |       |    10 |    21 ||    31
       Dazzling Spray    |       |       |    13 ||    13
       Shock             |       |       |    22 ||    22
Evoke: Wand              |       |     5 |    13 ||    18
  Use: Scroll            |     6 |     8 |     6 ||    20
 Stab: Sleeping          |     1 |       |       ||     1
       Distracted        |       |     1 |       ||     1
       Confused          |       |     5 |     4 ||     9
       Invisible         |       |       |     6 ||     6
Armor: Robe              |     2 |       |       ||     2
       Leather armour    |    18 |    58 |    68 ||   144
Dodge: Dodged            |    47 |   157 |   150 ||   354
